 Dungeon Crawl Stone Soup version 0.19.5 (webtiles) character file.

156 tof the Shooter (level 5, 0/45 HPs)
             Began as a Centaur Hunter on Mar 2, 2017.
             Was an Initiate of Okawaru.
             Slain by an adder (3 damage)
             ... on level 3 of the Dungeon.
             The game lasted 00:06:07 (1734 turns).

tof the Shooter (Centaur Hunter)                    Turns: 1734, Time: 00:06:07

Health: 0/45       AC:  5    Str: 15    XL:     5   Next: 15%
Magic:  5/5        EV: 10    Int: 10    God:    Okawaru [......]
Gold:   62         SH:  0    Dex: 10    Spells: 0 memorised, 4 levels left

rFire  + . .     SeeInvis .     a - +1 shortbow
rCold  . . .     Gourm    .     c - +0 leather armour
rNeg   . . .     Faith    .     (shield currently unavailable)
rPois  .         Spirit   .     (no helmet)
rElec  .         Reflect  .     q - +0 cloak
rCorr  .         Harm     .     (no gloves)
MR     .....                    (no barding)
Stlth  +.........               (no amulet)
                                (no ring)
                                t - ring of protection from fire

@: lethally poisoned (0 -> -9), very quick
A: hooves 3, deformed body, speed 2, tough skin 3
a: Renounce Religion


You were on level 3 of the Dungeon.
You worshipped Okawaru.
Okawaru was noncommittal.
You were not hungry.

You visited 1 branch of the dungeon, and saw 3 of its levels.

You collected 62 gold pieces.

Inventory:

Hand Weapons
 a - a +1 shortbow (weapon)
 b - a +0 short sword
Armour
 c - a +0 leather armour (worn)
 q - a +0 cloak (worn)
Jewellery
 t - a ring of protection from fire (left hand)
Scrolls
 g - a scroll of enchant armour {unknown}
 k - 2 scrolls of teleportation {unknown}
 l - 2 scrolls of remove curse {unknown}
 o - a scroll of identify {unknown}
 r - a scroll of magic mapping {unknown}
Potions
 e - a potion of degeneration {unknown}
 h - a potion of ambrosia {unknown}
 i - a potion of curing {unknown}
 j - a potion of heal wounds {unknown}
 m - a potion of flight {unknown}
 s - a potion of agility {unknown}
Comestibles
 f - a bread ration
 p - a meat ration


   Skills:
 * Level 3.0 Fighting
 * Level 7.2 Bows
 * Level 2.2 Dodging
 - Level 0.5 Stealth


You had 4 spell levels left.
You didn't know any spells.

Dungeon Overview and Level Annotations

Branches:
Dungeon (3/15)

Altars:
Okawaru
Yredelemnul


Innate Abilities, Weirdness & Mutations

You have hooves in place of feet.
Armour fits poorly on your strangely shaped body.
You cover ground very quickly.
You have extremely tough skin. (AC +3)


Message History

You kick the adder, but do no damage.
The adder is severely wounded.
The adder bites you.
* * * LOW HITPOINT WARNING * * *
You are more poisoned.
The adder poisons you! The adder bites you.
* * * LOW HITPOINT WARNING * * *
You clumsily bash the adder but do no damage.
Your kick misses the adder.
The adder is severely wounded.
* * * LOW HITPOINT WARNING * * *
You feel sick. The adder closely misses you. The adder bites you.
* * * LOW HITPOINT WARNING * * *
You are more poisoned.
The adder poisons you!
You closely miss the adder. Your kick misses the adder.
The adder is severely wounded.
* * * LOW HITPOINT WARNING * * *
You feel sick. The adder closely misses you. The adder bites you.
You die...

.###.#.#.##
........#.#
..##.#(..#
##.## #<#
#K# #b# #S#
#@# #†# #.#
#.# #.# #.#
#.# #.#
##.#######.#


You could see an adder, a bat and a kobold.

Vanquished Creatures
  Ijyb (D:2)
  Jessica (D:2)
  5 adders (D:2)
  An ooze (D:1)
  2 worms (D:2)
  A dart slug (D:2)
  9 ball pythons
  A giant cockroach (D:1)
  4 goblins
  5 hobgoblins
  3 jackals (D:1)
  6 kobolds
  3 bats
  A frilled lizard (D:2)
  6 rats
  A spectral orc (D:2)
50 creatures vanquished.

Notes
Turn   | Place    | Note
-------+----------+-------------------------------------------
     0 | D:1      | tof the Centaur Hunter began the quest for the Orb.
     0 | D:1      | Reached XP level 1. HP: 17/17 MP: 1/1
     1 | D:1      | Noticed an electric eel
    79 | D:1      | Reached XP level 2. HP: 21/24 MP: 2/2
    85 | D:1      | Reached skill level 6 in Bows
   547 | D:2      | Reached XP level 3. HP: 27/29 MP: 3/3
   889 | D:2      | Noticed Ijyb
   899 | D:2      | Killed Ijyb
   899 | D:2      | Reached XP level 4. HP: 33/37 MP: 4/4
   971 | D:2      | Reached skill level 7 in Bows
   998 | D:2      | Found an iron altar of Okawaru.
  1009 | D:2      | Became a worshipper of Warmaster Okawaru
  1241 | D:2      | Noticed Jessica
  1246 | D:2      | Killed Jessica
  1246 | D:2      | Reached XP level 5. HP: 39/45 MP: 5/5
  1600 | D:2      | Found a basalt altar of Yredelemnul.
  1734 | D:3      | Slain by an adder

Skill      XL: |  1  2  3  4 |
---------------+-------------+-----
Bows           | 6 7 |  7.2
Dodging        | 2 |  2.2
Fighting       | 3 |  3.0
Stealth        | |  0.5

Action                   |  1- 3 |  4- 6 || total
-------------------------+-------+-------++-------
Melee: Shortbow          |       |    42 ||    42
       Kick              |       |     6 ||     6
 Fire: Shortbow          |    87 |    67 ||   154
  Eat: Chunk             |       |     1 ||     1
Armor: Leather armour    |    18 |    35 ||    53
Dodge: Dodged            |     9 |    52 ||    61
